 Dungeon Sprint DCSS version 0.22-a0-580-gd5db89c (webtiles) character file.

131 Kidiri the Thaumaturge (level 4, -4/24 HPs)
             Began as a Deep Elf Fire Elementalist on July 3, 2018.
             Killed from afar by a white imp (8 damage)
             ... with a puff of frost
             ... summoned by a kobold demonologist
             ... in the Dungeon (Sprint III: "The Ten Rune Challenge").
             The game lasted 00:01:43 (325 turns).

Kidiri the Thaumaturge (Deep Elf Fire Elementalist)  Turns: 325, Time: 00:01:44

Health: -4/24      AC:  4    Str:  5    XL:     4   Next: 91%
Magic:  10/17      EV: 13    Int: 21    God:
Gold:   19         SH:  0    Dex: 17    Spells: 9/22 levels left

rFire    . . .     SeeInvis .   (no weapon)
rCold    . . .     Gourm    .   (no shield)
rNeg     . . .     Faith    .   a - +0 robe
rPois    .         Spirit   .   (no helmet)
rElec    .         Reflect  .   (no cloak)
rCorr    .         Harm     .   (no gloves)
MR       .....     NoTele   +   (no boots)
Stlth    +++.......             (no amulet)
HPRegen  0.08/turn              (no ring)
MPRegen  0.15/turn              (no ring)

@: no status effects
A: icy blue scales 1, thin skeletal structure 1, evolution 1
a: no special abilities


You were in the Dungeon.
You were not hungry.

You visited 1 branch You collected 19 gold pieces.

Inventory:

Armour
 a - a +0 robe (worn)
Scrolls
 i - a scroll of blinking
 j - 3 scrolls of holy word {unknown}
 k - 2 scrolls of identify
 l - 4 scrolls of remove curse {unknown}
Potions
 d - a potion of curing
 e - a potion of heal wounds
 f - a potion of haste
 g - 2 potions of magic
 h - a potion of berserk rage
 m - 3 potions of flight
 n - 5 potions of mutation
Comestibles
 b - 4 chunks of flesh
 c - 3 rations


   Skills:
 - Level 2.4 Dodging
 - Level 2.4 Stealth
 * Level 9.5 Spellcasting
 + Level 5.3 Conjurations
 + Level 6.2 Fire Magic


You had 9 spell levels left.
You knew the following spells:

 Your Spells              Type           Power        Failure   Level  Hunger
a - Flame Tongue          Conj/Fire      ####.        1%          1    None
b - Throw Flame           Conj/Fire      ####..       1%          2    None
c - Conjure Flame         Conj/Fire      ####....     1%          3    None
d - Inner Flame           Hex/Fire       ###.....     5%          3    None
e - Sticky Flame          Conj/Fire      ####....     6%          4    ##.....

Your spell library contained the following spells:

 Spells                   Type           Power        Failure   Level  Hunger
 Fireball                 Conj/Fire      ####......   17%         5    ####...


Dungeon Overview and Level Annotations

Branches:
Dungeon (1/1)

Altars:
Kikubaaqudgha
Sif Muna
Vehumet


Innate Abilities, Weirdness & Mutations

You are partially covered in icy blue scales. (AC +2)
You have a somewhat thin skeletal structure. (Dex +2, Stealth)
You evolve.


Message History

Unknown command.
Casting: Flame Tongue (safe; 1% risk of failure)
Confirm with . or Enter, or press ? or * to list all spells.
Aiming: Sticky Flame (safe; 8% risk of failure)
Press: ? - help, Shift-Dir - straight line, f - wizard, p - kobold demonologist
Aim: a wizard, wielding a dagger and wearing a robe The sticky flame hits the wizard.
The wizard is heavily wounded.
The wizard is covered in liquid flames!
The wizard burns!
You kill the wizard!
Your Spellcasting skill increases to level 9!
Your Conjurations skill increases to level 5!
Your Fire Magic skill increases to level 6!
The ufetubus hits you. x2; The crimson imp blinks!
The white imp hits you but does no damage.
The ufetubus hits you. The ufetubus barely misses you.
The ufetubus hits you. x2
* * * LOW HITPOINT WARNING * * *
The white imp gestures at you. The puff of frost hits you!
You die...

.##.##...#..#..###+#+###+
.##.###..##+#..#.........
####.##..###...'.⌠§......
##..##..####...#...######
....##..###....#.⌠.#
#..##...##.....#...#
..##....#......#'###
.###..##.#.....#.5$# .#
#..#####....#@5K# ▓▓ ▓▓▓▓
▓▓▓▓▓▓▓▓▓▓


You could see a kobold demonologist, a white imp and an ufetubus.

Vanquished Creatures
  A water elemental (D)
  A wizard (D)
  A human (D)
  A wolf (D)
  2 oozes (D)
  2 rats (D)
8 creatures vanquished.

Vanquished Creatures (others)
  2 draconian scorchers (D)
  A yaktaur (D)
  6 hellions (D)
  A plant (D)
10 creatures vanquished.

Grand Total: 18 creatures vanquished

Notes
Turn   | Place    | Note
-------+----------+-------------------------------------------
     0 | D        | Kidiri the Deep Elf Fire Elementalist began the quest for the Orb.
     0 | D        | Reached XP level 1. HP: 10/10 MP: 6/6
     8 | D        | Reached skill level 4 in Spellcasting
    42 | D        | Reached XP level 2. HP: 15/15 MP: 3/9
    70 | D        | Killed a hellion
    75 | D        | Killed a yaktaur
    83 | D        | Killed a hellion
   111 | D        | Reached skill level 5 in Spellcasting
   116 | D        | Killed a hellion
   131 | D        | Killed a hellion
   131 | D        | Killed a hellion
   132 | D        | Killed a hellion
   139 | D        | Learned a level 2 spell: Throw Flame
   153 | D        | Reached skill level 6 in Spellcasting
   153 | D        | Reached XP level 3. HP: 18/19 MP: 4/12
   217 | D        | Learned a level 3 spell: Conjure Flame
   217 | D        | Killed a white draconian scorcher
   221 | D        | Learned a level 3 spell: Inner Flame
   228 | D        | Killed a white draconian scorcher
   252 | D        | Gained mutation: You are partially covered in icy blue scales. (AC +2) [potion of mutation]
   252 | D        | Gained mutation: You evolve. [potion of mutation]
   252 | D        | Gained mutation: You have a somewhat thin skeletal structure. (Dex +2, Stealth) [potion of mutation]
   264 | D        | Noticed a water elemental
   268 | D        | Killed a water elemental
   268 | D        | Reached skill level 8 in Spellcasting
   268 | D        | Reached skill level 5 in Fire Magic
   268 | D        | Reached XP level 4. HP: 24/24 MP: 8/16
   275 | D        | Learned a level 4 spell: Sticky Flame
   319 | D        | Found a radiant altar of Vehumet.
   320 | D        | Found a deep blue altar of Sif Muna.
   320 | D        | Found an ancient bone altar of Kikubaaqudgha.
   320 | D        | Noticed a wizard
   324 | D        | Killed a wizard
   324 | D        | Reached skill level 9 in Spellcasting
   324 | D        | Reached skill level 5 in Conjurations
   325 | D        | Killed from afar by a white imp

Vault maps used:
D:        dungeon_sprint_mu

Skill      XL: |  1  2  3  4 |
---------------+-------------+-----
Spellcasting   | 4 6 8 9 |  9.5
Conjurations   | 2 3 4 5 |  5.3
Fire Magic     | 4 5 6 |  6.2
Dodging        | |  2.4
Stealth        | |  2.4

Action                   |  1- 3 |  4- 6 || total
-------------------------+-------+-------++-------
 Cast: Flame Tongue      |    17 |     2 ||    19
       Throw Flame       |     1 |       ||     1
       Conjure Flame     |     1 |       ||     1
       Sticky Flame      |       |     1 ||     1
  Use: Potion            |     1 |       ||     1
Armor: Robe              |       |     1 ||     1
Dodge: Dodged            |     7 |     7 ||    14

Table legend:
 A = Spawn XP
 B = Non-spawn XP
 C = Spawn XP percentage of total XP
 D = Spawn monster count
 E = Non-spawn monster count
 F = Spawn count percentage of total count
 G = Total turns spent on level
                    A         B        C        D         E        F      G
               +---------+---------+-------+---------+---------+-------+---------
         Total |       0 |     188 |   0.0 |       0 |       8 |   0.0 |   325
               +---------+---------+-------+---------+---------+-------+---------
             D |       0 |     188 |   0.0 |       0 |       8 |   0.0 |   325
               +---------+---------+-------+---------+---------+-------+---------
